 Dungeon Crawl Stone Soup version 0.26.1-11-gd32895ea62 (webtiles) character file.

Game seed: 12361125050706083649

55 Zeld the Chopper (level 3, -5/31 HPs)
             Began as a Minotaur Berserker on May 23, 2021.
             Was a Believer of Trog.
             Slain by a hobgoblin
             ... wielding a +0 club
              (7 damage)
             ... on level 3 of the Dungeon.
             The game lasted 00:01:13 (1194 turns).

Zeld the Chopper (Minotaur Berserker)               Turns: 1194, Time: 00:01:14

Health: -5/31      AC:  0    Str: 22    XL:     3   Next: 67%
Magic:  2/2        EV: 12    Int:  4    God:    Trog [**....]
Gold:   20         SH:  0    Dex:  9    Spells: 2/2 levels left

rFire    . . .     SeeInvis .   a - +0 hand axe
rCold    . . .     Faith    .   (no shield)
rNeg     . . .     Spirit   .   (no armour)
rPois    .         Reflect  .   (helmet restricted)
rElec    .         Harm     .   (no cloak)
rCorr    .         Rampage  .   (no gloves)
Will     .....                  (no boots)
Stlth    +.........             (no amulet)
HPRegen  0.10/turn              (no ring)
MPRegen  0.08/turn              (no ring)

@: berserk cooldown, slowed, very slow
A: retaliatory headbutt, horns 2
a: Renounce Religion, Berserk, Trog's Hand


You were on level 3 of the Dungeon.
You worshipped Trog.
Trog was pleased with you.
You visited 1 branch of the dungeon, and saw 3 of its levels.

You collected 20 gold pieces.

Inventory:

Hand Weapons
 a - a +0 hand axe (weapon)
Scrolls
 c - 2 scrolls of identify {unknown}
Potions
 b - a potion of curing {unknown}


   Skills:
 - Level 3.6 Fighting
 * Level 5.7 Axes
 - Level 2.4 Armour
 - Level 2.1 Dodging


You had 2 spell levels left.
You didn't know any spells.
Your spell library was empty.

Dungeon Overview and Level Annotations

Branches:
Dungeon (2/15)

Altars:
Cheibriados


Innate Abilities, Weirdness & Mutations

You reflexively headbutt those who attack you in melee.
You have a pair of horns on your head.


Message History

There are monsters nearby!
A bat comes into view.
Things that are here:
6 gold pieces; a rat corpse The hobgoblin shouts!
You slash the dart slug!
You kill the dart slug!
Trog accepts your kill. The bat barely misses you. The bat barely misses you.
You furiously retaliate!
You headbutt the bat!
You kill the bat!
Trog accepts your kill.
The hobgoblin throws a javelin.
The javelin closely misses you.
The hobgoblin drinks a potion.
The hobgoblin seems to speed up.
The hobgoblin throws a javelin.
The javelin barely misses you.
Found a faded altar of an unknown god.
The hobgoblin hits you with a +0 club.
* * * LOW HITPOINT WARNING * * *
The hobgoblin hits you with a +0 club!
You die...

#......# #)(#
#### #.##
....#####)##
#..#.(†.†#
#.......#
###..$..#
#.....##..
#.@>......
#..g...##.#
............#
####.........#
....8......
....8.8..#.#
....8._.8.#.#
#.#..(8.8...


You could see a hobgoblin (fast).

Vanquished Creatures
  An adder (D:3)
  A worm (D:2)
  2 dart slugs
  2 giant cockroaches (D:1)
  3 goblins
  2 hobgoblins
  9 jackals
  3 kobolds
  A quokka (D:3)
  7 bats
  5 rats
36 creatures vanquished.

Notes
Turn   | Place    | Note
-------+----------+-------------------------------------------
     0 | D:1      | Zeld the Minotaur Berserker began the quest for the Orb.
     0 | D:1      | Reached XP level 1. HP: 19/19 MP: 0/0
   115 | D:1      | Reached skill level 4 in Axes
   391 | D:1      | Reached XP level 2. HP: 24/26 MP: 1/1
   763 | D:1      | You fall into a shaft and drop 1 floor!
   763 | D:2      | Found a snail-covered altar of Cheibriados.
   775 | D:2      | Reached skill level 5 in Axes
  1126 | D:2      | Reached XP level 3. HP: 29/31 MP: 2/2
  1162 | D:2      | You fall into a shaft and drop 1 floor!
  1174 | D:3      | Reached ** piety under Trog
  1193 | D:3      | Found a faded altar of an unknown god.
  1194 | D:3      | Slain by a hobgoblin

Illustrated notes

Levels and vault maps discovered:
D:1:      matt_arrival_spirals, layout_loops_ring, chequers_hall_statues_wall_a
D:2:      layout_loops_ring, kennysheep_slug_shrine, fedhas_altar_4,
          nicolae_overflow_hidden_temple, minmay_hedge_maze
D:3:      layout_rooms, old_standard_altar, lemuel_doored_altar,
          chequers_ecumenical_altar_simple_redux

Skill      XL: |  1  2 |
---------------+-------+-----
Axes           | 4 5 |  5.7
Fighting       | |  3.6
Armour         | |  2.4
Dodging        | |  2.1

Action                   || total
-------------------------++-------
Melee: Hand axe          ||    53
       Headbutt          ||     4
Invok: Berserk           ||     2
Dodge: Dodged            ||    61
